 Dungeon Crawl Stone Soup version 0.32-a0-798-gfa783ce77f (webtiles) character file.

Game seed: 17342897519565791083

118 Gargoyl the Trooper (level 5, -3/33 HPs)
             Began as a Gargoyle Berserker on Mar 21, 2024.
             Was a Believer of Trog.
             Slain by a gnoll sergeant
             ... wielding a +0 great sword
              (14 damage)
             ... on level 3 of the Dungeon.
             The game lasted 00:03:16 (2066 turns).

Gargoyl the Trooper (Gargoyle Berserker)            Turns: 2066, Time: 00:03:17

Health: -3/33      AC: 20    Str: 20    XL:     5   Next: 2%
Magic:  5/5        EV:  7    Int:  8    God:    Trog [**....]
Gold:   54         SH:  0    Dex: 11    Spells: 4/4 levels left

rFire   . . .        g - +4 long sword (protect)
rCold   + . .        (no shield)
rNeg    + . .        b - +0 chain mail
rPois   ∞            (no helmet)
rElec   +            (no cloak)
rCorr   .            (no gloves)
SInv    .            (no boots)
Will    .....        (no amulet) Stlth
                     f - ring of protection from cold
HPRegen 0.25/turn    (no ring)
MPRegen 0.09/turn

%: no passive effects
@: under a protective aura, on berserk cooldown, slowed, very slow
A: sickness immunity, AC +4, negative energy resistance 1, electricity
resistance, torment resistance 1, petrification resistance
a: Renounce Religion, Berserk, Trog's Hand


You were on level 3 of the Dungeon.
You worshipped Trog.
Trog was pleased with you.
You visited 1 branch of the dungeon, and saw 3 of its levels.

You collected 54 gold pieces.

Inventory:

Hand Weapons
 a - a +0 hand axe
 g - a +4 long sword of protection (weapon)
Missiles
 h - 11 poisoned darts (quivered)
Armour
 b - a +0 chain mail (worn)
Jewellery
 f - a ring of protection from cold (left hand)
Scrolls
 e - a scroll of blinking
Potions
 c - a potion of curing


   Skills:
 + Level 4.1 Fighting
 + Level 4.0 Axes
 + Level 3.2 Armour
 + Level 1.8 Dodging


You had 4 spell levels left.
You didn't know any spells.
Your spell library was empty.

Dungeon Overview and Level Annotations

Branches:
Dungeon (3/15)

Altars:

Shops:
D:2 *


Innate Abilities, Weirdness & Mutations

You are immune to sickness and miasma.
Your stone body is resilient. (AC +4)
You are immune to poison.
You resist negative energy. (rN+)
You are resistant to electric shocks. (rElec)
You are resistant to unholy torment.
You are immune to petrification.


Message History

You are exhausted.
You feel yourself slow down.
You hit the gnoll sergeant.
The gnoll sergeant is heavily wounded.
The gnoll sergeant hits you with a +0 great sword.
The gnoll hits you from afar with a +0 spear.
The gnoll sergeant completely misses you.
The gnoll hits you but does no damage.
The gnoll sergeant hits you with a +0 great sword.
It was a potion of curing.
You feel better.
The gnoll hits you from afar with a +0 spear.
The gnoll sergeant hits you but does no damage.
The gnoll hits you but does no damage.
As you read the scroll labelled XYRIYJ ZUFAXEXT, it crumbles to dust.
You feel aware of your surroundings.
It was a scroll of revelation.
Your skin stops crawling.
You feel less strong-willed. The gnoll sergeant barely misses you.
The gnoll hits you but does no damage. The gnoll sergeant closely misses you.
Blink to where?
Press: ? - help, Dir - move target
As you read the scroll labelled RONTI RAMPUWUCK, it crumbles to dust.
It was a scroll of blinking.
As you read the scroll labelled UKKILULATA, it crumbles to dust.
It is a scroll of identify.
You don't currently have any unidentified items.
Unknown command.
You fail to use your ability.
The gnoll sergeant hits you with a +0 great sword!
The gnoll hits you from afar with a +0 spear.
You hit the gnoll sergeant.
Your weapon exudes an aura of protection.
The gnoll sergeant is heavily wounded.
The gnoll sergeant hits you with a +0 great sword.
The gnoll barely misses you.
The gnoll sergeant hits you with a +0 great sword.
The gnoll closely misses you.
You hit the gnoll sergeant but do no damage.
The gnoll sergeant is heavily wounded.
The gnoll sergeant hits you with a +0 great sword!
You die...

.........................# #.#
..#####.#######.##.####.##
##)# ..#
#.#######.##.####.######...
..#
#.#######.##...............
#.#
#.#######g#######.####.#...
#.# #.#######g#######.# #.##.#
#.#
#.....###g#######.####.##.#
#.#
#####.###g######.......##.#
#.# ###.###.@......#####.##>#
#.#### ###.##########.# *,*#.#
#....# ###.##########.# *,,..*
####.# ###.##########.# *,####
#.# ###.##########.#####.....
#.######.##########.......####
#.##.....#########.....####
#.##.#########.......)...#
#.##.# #.###.....#.#


You could see a gnoll sergeant and 3 gnolls.

Vanquished Creatures
  An iguana (D:2)
  6 adders
  3 orcs (D:3)
  6 endoplasms
  2 giant cockroaches
  4 goblins
  3 hobgoblins
  A quokka (D:3)
  A ball python (D:2)
  A bat (D:1)
  5 frilled lizards (D:2)
  4 kobolds
  A rat (D:1)
38 creatures vanquished.

Notes
Turn   | Place    | Note
-------+----------+-------------------------------------------
     0 | D:1      | Gargoyl the Gargoyle Berserker began the quest for the Orb.
     0 | D:1      | Reached XP level 1. HP: 14/14 MP: 1/1
   268 | D:1      | Reached XP level 2. HP: 19/19 MP: 2/2
   991 | D:2      | Reached XP level 3. HP: 22/24 MP: 3/3
  1041 | D:2      | Found a transporter.
  1041 | D:2      | Found Puasacze's Assorted Antiques.
  1280 | D:2      | Found a transporter.
  1354 | D:2      | Found a faded altar of an unknown god.
  1453 | D:2      | Reached XP level 4. HP: 27/29 MP: 4/4
  1507 | D:3      | Reached ** piety under Trog
  1556 | D:3      | Reached XP level 5. HP: 31/33 MP: 5/5
  2066 | D:3      | Slain by a gnoll sergeant

Illustrated notes

Levels and vault maps discovered:
D:1:      wander_arrival_chamber, layout_loops_ring
D:2:      layout_loops_ring, serial_shops, nicolae_shop_drivethru,
          shapermc_ecumenical_altar_mp_ritualfount
D:3:      layout_loops_ring, minmay_crystal_room

Skill      XL: |  1  2  3  4 |
---------------+-------------+-----
Axes           | 3 4 |  4.0
Fighting       | 4 |  4.1
Armour         | 3 |  3.2
Dodging        | |  1.8

Action                     |  1- 3 |  4- 6 || total
---------------------------+-------+-------++-------
  Melee: Hand axe          |    75 |     6 ||    81
         Long sword        |       |    28 ||    28
 Invoke: Berserk           |     1 |     2 ||     3
         Trog's Hand       |       |     1 ||     1
    Use: Scroll            |       |     3 ||     3
         Potion            |       |     1 ||     1
 Armour: Ring mail         |     5 |       ||     5
         Chain mail        |    49 |    51 ||   100
  Dodge: Dodged            |    39 |    22 ||    61

Table legend: (Time is in decaauts)
 A = Elapsed time spent in this place.
 B = Non-inter-level travel time spent in this place.
 C = Inter-level travel time spent in this place.
 D = Time resting spent in this place.
 E = Time spent auto-exploring this place.
 F = Levels seen in this place.
 G = Mean time per level.
                   A        B        C        D        E       F      G
               +--------+--------+--------+--------+--------+-----+--------+
         Total |   2108 |   2022 |     86 |     48 |   1536 |   3 |  702.7 |
       Dungeon |   2108 |   2022 |     86 |     48 |   1536 |   3 |  702.7 |
               +--------+--------+--------+--------+--------+-----+--------+

Top non-repeatable levels by time:
     D:2: 845 daAuts
     D:1: 665 daAuts
     D:3: 597 daAuts
